 Dungeon Crawl Stone Soup version 0.28.0-45-g0d030f2227 (webtiles) character file.

Game seed: 13161200646276135364

178 101zpm the Covered (level 5, -2/33 HPs)
             Began as a Gargoyle Fighter on Apr 10, 2022.
             Killed from afar by a white imp (11 damage)
             ... with a puff of frost
             ... on level 4 of the Dungeon.
             The game lasted 00:04:27 (3077 turns).

101zpm the Covered (Gargoyle Fighter)               Turns: 3077, Time: 00:04:27

Health: -2/33      AC: 11    Str: 29    XL:     5   Next: 58%
Magic:  5/5        EV:  9    Int:  8    God:
Gold:   136        SH:  4    Dex:  7    Spells: 4/4 levels left

rFire   . . .      SeeInvis +   n - +6 spear "Egg" {vorpal, Str+7 Dex-2 SInv}
rCold   . . .      Faith    .   c - +0 buckler
rNeg    + . .      Spirit   .   b - +0 scale mail
rPois   ∞          Reflect  .   (no helmet)
rElec   +          Harm     .   (no cloak)
rCorr   .          Rampage  .   (no gloves)
Will    .....                   (no boots)
Stlth   ..........              (no amulet)
HPRegen 0.11/turn               (no ring)
MPRegen 0.09/turn               (no ring)

@: very slow
A: sickness immunity, AC +4, negative energy resistance 1, electricity
resistance, torment resistance 1, petrification resistance
a: no special abilities


You were on level 4 of the Dungeon.
You visited 1 branch of the dungeon, and saw 4 of its levels.

You collected 136 gold pieces.

Inventory:

Hand Weapons
 a - a +0 flail
 n - the +6 spear "Egg" (weapon) {vorpal, Str+7 Dex-2 SInv}
   (You found it on level 2 of the Dungeon)

   It inflicts extra damage upon your enemies.
   Str:       It affects your strength (+7).
   Dex:       It affects your dexterity (-2).
   SInv:      It lets you see invisible.
Missiles
 r - 2 silver boomerangs (quivered)
Armour
 b - a +0 scale mail (worn)
 c - a +0 buckler (worn)
Jewellery
 l - a +4 ring of protection
Scrolls
 e - a scroll of identify {unknown}
 f - a scroll of blinking {unknown}
 i - a scroll of vulnerability {unknown}
 j - a scroll of enchant armour {unknown}
 k - a scroll of magic mapping {unknown}
 o - a scroll of amnesia {unknown}
 p - a scroll of teleportation {unknown}
Potions
 d - 2 potions of might
 g - a potion of cancellation {unknown}
 h - a potion of invisibility {unknown}
 m - 2 potions of heal wounds {unknown}
 q - a potion of curing {unknown}


   Skills:
 + Level 3.9 Fighting
 + Level 3.8 Maces & Flails
 + Level 4.6 Armour
 + Level 0.2 Dodging
 + Level 0.3 Stealth
 + Level 3.8 Shields


You had 4 spell levels left.
You didn't know any spells.
Your spell library contained the following spells:

 Spells                   Type           Power      Damage    Failure   Level
 Cause Fear               Hex            0%         N/A       100%        4
 Dragon Form              Tmut           0%         N/A       100%        7
 Dragon's Call            Summ           0%         N/A       100%        9


Dungeon Overview and Level Annotations

Branches:
Dungeon (4/15)
 Temple: D:4-7

Altars:
The Shining One

Shops:
D:1 :


Innate Abilities, Weirdness & Mutations

You are immune to sickness and miasma.
Your stone body is resilient. (AC +4)
You are immune to poison.
You resist negative energy. (rN+)
You are resistant to electric shocks. (rElec)
You are resistant to unholy torment.
You are immune to petrification.


Message History

You climb downwards.
There is a stone staircase leading up here.
No target in view!
m - 2 bubbling sapphire potions (gained 1)
A white imp comes into view.
Found a flail and a robe.
A white imp is nearby!
You enter the shallow water.
Moving in this stuff is going to be slow.
The white imp gestures at you. The puff of frost hits you!
The white imp gestures at you.
The puff of frost hits you but does no damage.
You hit the white imp.
The white imp is moderately wounded.
The white imp gestures at you. The puff of frost hits you!
Your unstable footing causes you to fumble your attack.
The white imp barely misses you.
You closely miss the white imp.
The white imp is moderately wounded.
The white imp gestures at you. The puff of frost hits you!
* * * LOW HITPOINT WARNING * * *
You are too injured to fight recklessly!
You are too injured to fight recklessly!
You are too injured to fight recklessly!
You are too injured to fight recklessly!
You are too injured to fight recklessly!
You are too injured to fight recklessly!
You are too injured to fight recklessly!
You are too injured to fight recklessly!
You are too injured to fight recklessly!
You are too injured to fight recklessly!
You are too injured to fight recklessly!
You are too injured to fight recklessly!
A white imp is nearby!
The white imp gestures at you. The puff of frost hits you!
You die...

#.#.###.# #...#.#....#
...... #.# #..........#
##.#.. #.# ##.......#.#
......##.###..........#
## ##....##....#.#....#
###.#.#...##.## ..#
..###....#...# # ###
#.##.##...## #.#
#.#..@..# #. #.#.≈≈≈.#
. #.#.≈5≈.# ##
#.#.≈≈≈.# .#..≈..#
##[.)## #####


You could see a white imp.

Vanquished Creatures
  An orc priest (D:3)
  An orc wizard (D:2)
  4 adders
  2 worms
  4 dart slugs
  8 orcs
  An endoplasm (D:1)
  A goblin (D:1)
  10 hobgoblins
  4 jackals (D:2)
  3 kobolds
  A quokka (D:1)
  10 ball pythons
  9 bats
  7 frilled lizards
  7 rats
73 creatures vanquished.

Notes
Turn   | Place    | Note
-------+----------+-------------------------------------------
     0 | D:1      | 101zpm the Gargoyle Fighter began the quest for the Orb.
     0 | D:1      | Reached XP level 1. HP: 14/14 MP: 1/1
     2 | D:1      | Noticed a tengu
     2 | D:1      | Noticed a felid
     4 | D:1      | Noticed a ghoul
     4 | D:1      | Noticed a gargoyle
     7 | D:1      | Noticed a human
     9 | D:1      | Noticed a vine stalker
    12 | D:1      | Noticed a minotaur
    14 | D:1      | Noticed a dwarf
    14 | D:1      | Noticed a demonspawn
    16 | D:1      | Noticed a troll
    16 | D:1      | Noticed a demigod
    18 | D:1      | Noticed a merfolk
    20 | D:1      | Noticed an ogre
    22 | D:1      | Noticed a naga
    22 | D:1      | Noticed a draconian
    24 | D:1      | Noticed a formicid
    24 | D:1      | Noticed an elf
    26 | D:1      | Noticed a vampire
    26 | D:1      | Noticed an octopode
    28 | D:1      | Noticed a spriggan
    59 | D:1      | Reached XP level 2. HP: 15/19 MP: 2/2
   833 | D:1      | Found Rink's Book Shoppe.
   851 | D:1      | Reached XP level 3. HP: 17/24 MP: 3/3
  1403 | D:3      | Reached XP level 4. HP: 20/29 MP: 4/4
  1497 | D:3      | Found a faded altar of an unknown god.
  2179 | D:2      | Found a glowing golden altar of the Shining One.
  2195 | D:2      | Reached skill level 4 in Armour
  2360 | D:2      | Identified the +6 spear "Egg" {vorpal, Str+7 Dex-2 SInv}
  2385 | D:2      | Reached XP level 5. HP: 33/33 MP: 5/5
  3077 | D:4      | Killed from afar by a white imp

Illustrated notes

Levels and vault maps discovered:
D:1:      kb_arrival_jail, layout_loops_ring, serial_shops, nicolae_square_shop
D:2:      layout_rooms, basic_altar, grunt_decor_junction,
          roderic_serpentine_path
D:3:      layout_basic, hellmonk_ecumenical_altar_pennies_from_heaven,
          kennysheep_decorative_pillar
D:4:      layout_loops_ring, serial_glass, glass_columns_a, glass_columns_a,
          glass_columns_a, glass_columns_a, glass_columns_c, glass_columns_a,
          minmay_fire_ice_demons

Skill      XL: |  1  2  3  4 |
---------------+-------------+-----
Maces & Flails | 3 |  3.8
Armour         | 4 |  4.6
Fighting       | |  3.9
Dodging        | |  0.2
Stealth        | |  0.3
Shields        | |  3.8

Action                   |  1- 3 |  4- 6 || total
-------------------------+-------+-------++-------
Melee: Flail             |   152 |    53 ||   205
       Spear             |       |    38 ||    38
Armor: Scale mail        |   141 |    43 ||   184
Dodge: Dodged            |   113 |    41 ||   154
Block: Buckler           |    41 |    21 ||    62
